 Dungeon Crawl Stone Soup version 0.30-a0-177-g1cb5dbfd7a (webtiles) character file.

Game seed: 16794382958630293773

8537 lunkers the Basher (level 11, -1/83 HPs)
             Began as a Meteoran Reaver on Oct 3, 2022.
             Was an Elder of Nemelex Xobeh.
             Slain by Rupert
             ... wielding a +4 vorpal battleaxe
              (14 damage)
             ... on level 2 of the Orcish Mines.
             The game lasted 00:28:07 (4668 turns).

lunkers the Basher (Meteoran Reaver)                Turns: 4668, Time: 00:28:07

Health: -1/83      AC: 12    Str: 24    XL:     11   Next: 87%
Magic:  22/22      EV: 12    Int: 15    God:    Nemelex Xobeh [****..]
Gold:   580        SH:  9    Dex: 13    Spells: 9/15 levels left

rFire   . . .      SeeInvis .    a - +4 morningstar
rCold   . . .      Faith    .    E - +0 buckler
rNeg    . . .      Spirit   .    F - +0 acid dragon scales
rPois   .          Reflect  +    u - +0 helmet
rElec   .          Harm     .    k - +2 cloak {Will+}
rCorr   +          Rampage  .    (no gloves)
Will    ++...                    n - +0 pair of boots
Stlth   +.........               o - amulet of reflection
HPRegen 0.33/turn                B - ring of wizardry
MPRegen 0.18/turn                C - +6 ring of strength

@: mighty, lethally poisoned (-1 -> -2), hasted, glowing, very quick
A: sense surroundings 2, otherworldly, glowing, explore regen
a: Renounce Religion, Draw Escape, Draw Destruction, Draw Summoning, Triple
Draw, Deal Four


You were on level 2 of the Orcish Mines.
You worshipped Nemelex Xobeh.
Nemelex Xobeh was greatly pleased with you.
You visited 2 branches of the dungeon, and saw 12 of its levels.
You also visited: Sewer.

You collected 580 gold pieces.

Inventory:

Hand Weapons
 a - a +4 morningstar (weapon)
 b - the +10 dark maul {vorpal}
   (You took it off a two-headed ogre on level 10 of the Dungeon)

   It inflicts extra damage upon your enemies.
 j - a +2 dagger of draining
 l - a +3 quarterstaff of chaos
 M - a +4 flail
Armour
 k - a +2 cloak of willpower (worn)
 n - a +0 pair of boots (worn)
 s - a +0 kite shield
 u - a +0 helmet (worn)
 w - a +2 cloak
 E - a +0 buckler (worn)
 F - +0 acid dragon scales (worn)
 I - a scarf of repulsion
Jewellery
 o - an amulet of reflection (around neck)
 r - a ring of ice
 v - the amulet "Wusafur" {Faith Contam Fly rC- Int+5}
   (You found it on level 4 of the Dungeon)

   [amulet of faith]

   It allows you to gain divine favour quickly.
   Int:       It affects your intelligence (+5).
   rC:        It makes you vulnerable to cold.
   Fly:       It grants you flight.
   Contam:    It causes magical contamination when unequipped.
 B - a ring of wizardry (left hand)
 C - a +6 ring of strength (right hand)
 L - a ring of ice
Wands
 d - a wand of roots (20)
Scrolls
 m - 2 scrolls of enchant armour
 p - a scroll of butterflies
 y - a scroll of summoning
 D - 3 scrolls of amnesia
 J - a scroll of fear
Potions
 c - a potion of cancellation {unknown}
 e - a potion of flight {unknown}
 f - a potion of heal wounds {unknown}
 g - 3 potions of might
 h - a potion of curing
 i - 2 potions of haste
 q - a potion of degeneration {unknown}
 t - 3 potions of brilliance
 x - 3 potions of lignification
 A - 2 potions of attraction
 G - a potion of ambrosia {unknown}
 H - a potion of berserk rage {unknown}
 K - a potion of mutation {unknown}
Miscellaneous
 z - a phantom mirror (inert)


   Skills:
 + Level 3.7 Fighting
 * Level 13.6(14.8) Maces & Flails
 - Level 9.0(12.0) Staves
 + Level 3.0 Armour
 + Level 4.1 Dodging
 + Level 3.0 Shields
 - Level 2.6 Spellcasting
 - Level 3.6 Conjurations
 + Level 13.3 Invocations


You had 9 spell levels left.
You knew the following spells:

 Your Spells              Type           Power      Damage    Failure   Level
b - Momentum Strike       Conj/Tloc      14%        3d8       10%         2
c - Hailstorm             Conj/Ice       7%         3d4       19%         3
p - Kiss of Death         Conj/Necr      28%        2d7       6%          1

Your spell library contained the following spells:

 Spells                   Type           Power      Damage    Failure   Level
 Static Discharge         Conj/Air       14%        2-3/arc   10%         2
 Necrotise                Necr           8%         1d4       13%         1
 Blink                    Tloc           4%         N/A       21%         2
 Lesser Beckoning         Tloc           2%         N/A       36%         3
 Vampiric Draining        Necr           2%         2d6       36%         3
 Arcjolt                  Conj/Air       3%         1d13      85%         5
 Lightning Bolt           Conj/Air       3%         1d15      85%         5
 Agony                    Necr           2%         N/A       97%         5
 Summon Forest            Summ/Tloc      1%         N/A       97%         5
 Summon Mana Viper        Hex/Summ       2%         N/A       97%         5
 Summon Cactus Giant      Summ           1%         N/A       100%        6
 Maxwell's Capacitive Co  Air            1%         ∞         100%        8


Dungeon Overview and Level Annotations

Branches:
Dungeon (10/15) Zot: 1729     Orc (2/2) D:10 Zot: 1139   Sewer (visited)
 Temple: D:4-7         Lair: D:8-11         Elf: Orc:2

Altars:
Gozag
Nemelex Xobeh
Wu Jian
The Shining One

Shops:
D:1 (

Annotations:
Orc:2 Rupert


Innate Abilities, Weirdness & Mutations

You passively map the area around you.
You are easily found by Zot.
You glow in the dark.
You regain HP and MP as you explore.


Message History

Unknown command.
You puncture Rupert!
Rupert is lightly wounded.
You feel sick.
Your -1 quarterstaff of Foityodu {chaos, rF++} disappears in a puff of smoke!
Rupert hits you with a +4 vorpal battleaxe!
* * * LOW HITPOINT WARNING * * *
* * * LOW HITPOINT WARNING * * *
The orc hits you but does no damage.
Unknown command.
You draw a card...
You have drawn the Illusion.
Suddenly you stand beside yourself.
The deck of cards glows with a rainbow of weird colours and disappears.
You feel sick. You block Rupert's attack. The orc closely misses you.
You feel yourself speed up.
You feel sick. The orc closely misses you. The orc hits you but does no damage.
The orc closely misses you.
Rupert hits you with a +4 vorpal battleaxe.
* * * LOW HITPOINT WARNING * * *
* * * LOW HITPOINT WARNING * * *
Lunkers's illusion hits the orc!!
The orc dies!
You hit Rupert.
Rupert is moderately wounded.
You feel sick.
Unknown command.
You closely miss Rupert.
Rupert is moderately wounded.
Rupert hits you with a +4 vorpal battleaxe.
* * * LOW HITPOINT WARNING * * *
* * * LOW HITPOINT WARNING * * *
You block the orc's attack. The orc closely misses you.
You impale Rupert!!
Rupert is moderately wounded.
You feel sick.
Unknown command.
You bludgeon Rupert!!
Rupert is heavily wounded.
Rupert hits you with a +4 vorpal battleaxe!
You die...
Your body glows with a rainbow of weird colours and disappears.

,, * , , * , *
* ,,, * , , ,,
* * , , ,,* * *
, , * * , , , ,
* , ** * * * *
, , ,* * #####
* * , ,,
##@o)## , ,
*##o@@..## ,,
...##.......##
*
.............#
, ,
#.......<....#*
,
,###....).....#
, ,
*##...........#
*,,,
*#........$..#
,
...##........#


You could see Rupert (ally target), 2 orcs and the friendly lunkers's illusion
(summoned, strong, very poisoned).

Vanquished Creatures
  Fannar (D:10)
  A two-headed ogre (D:10)
  A cyclops (D:10)
  Grinder (D:6)
  Sigmund (D:2)
  9 yaks
  A steam dragon (D:7)
  2 acid dragons
  2 water moccasins
  8 orc warriors
  A sky beast (D:7)
  2 ogres
  A black bear (D:3)
  2 centaurs
  A phantom (D:5)
  7 bullfrogs
  A gnoll sergeant (D:10)
  4 scorpions (D:6)
  11 wights
  2 killer bees (D:10)
  2 electric eels (D:6)
  Crazy Yiuf (D:2)
  8 orc priests
  5 iguanas
  12 orc wizards
  4 gnolls (D:10)
  6 adders
  10 river rats
  A shadow imp (D:6)
  A white imp (D:7)
  A worm (D:4)
  A dart slug (D:3)
  34 orcs
  17 ball pythons
  5 endoplasms
  3 giant cockroaches
  13 goblins
  6 hobgoblins
  5 jackals
  3 kobolds
  3 quokkas
  2 bats (D:3)
  3 frilled lizards
  34 rats
239 creatures vanquished.

Vanquished Creatures (collateral kills)
  A cyclops (D:10)
  5 yaks
  2 orc warriors
  A bullfrog (D:9)
  An orc priest (D:6)
  An orc wizard (D:6)
  An adder (D:6)
  8 orcs
  2 ball pythons (Sewer)
  A frilled lizard (Sewer)
23 creatures vanquished.

Vanquished Creatures (others)
  Pikel (D:8)
  An acid dragon (D:7)
  An orc warrior (D:8)
  A centaur (D:5)
  A phantom (D:4)
  A bullfrog (Sewer)
  A scorpion (D:6)
  2 wights
  A killer bee (D:10)
  2 orc wizards
  Robin (D:4)
  3 adders
  A ball python (D:2)
  A goblin (D:2)
  A kobold (D:2)
19 creatures vanquished.

Grand Total: 281 creatures vanquished

Notes
Turn   | Place    | Note
-------+----------+-------------------------------------------
     0 | D:1      | lunkers the Meteoran Reaver began the quest for the Orb.
     0 | D:1      | Reached XP level 1. HP: 17/17 MP: 5/5
    38 | D:1      | Reached XP level 2. HP: 9/24 MP: 6/6
    48 | D:1      | Found Cumau's Weapon Shop.
   134 | D:1      | Reached skill level 5 in Maces & Flails
   192 | D:1      | Reached XP level 3. HP: 23/29 MP: 8/8
   274 | D:1      | Learned a level 2 spell: Momentum Strike
   407 | D:2      | Found an ornate altar of the Wu Jian Council.
   488 | D:2      | Found the +7 staff of the Meek {protect, meekguard}
   532 | D:2      | Found a runed translucent door.
   533 | D:2      | Noticed Crazy Yiuf
   542 | D:2      | Killed Crazy Yiuf
   690 | D:2      | Reached XP level 4. HP: 35/35 MP: 9/9
   708 | D:2      | Reached skill level 1 in Staves
   767 | D:3      | Noticed a black bear
   772 | D:3      | Killed a black bear
   773 | D:3      | Reached XP level 5. HP: 36/41 MP: 5/10
   839 | D:2      | Noticed Sigmund
   847 | D:2      | Killed Sigmund
   848 | D:2      | Reached skill level 5 in Staves
   848 | D:2      | Reached XP level 6. HP: 33/48 MP: 2/11
   883 | D:3      | Found a sparkling altar of Nemelex Xobeh.
   888 | D:3      | Became a worshipper of Nemelex Xobeh the Trickster
   986 | D:4      | Noticed a water moccasin
   996 | D:4      | Killed a water moccasin
  1002 | D:4      | Reached XP level 7. HP: 53/55 MP: 6/12
  1188 | D:4      | Noticed Robin
  1202 | D:4      | Killed Robin
  1218 | D:4      | Identified the amulet "Wusafur" {Faith Contam Fly rC-
                  | Int+5}
  1286 | D:5      | Entered Level 5 of the Dungeon
  1313 | D:4      | Reached skill level 1 in Invocations
  1385 | D:5      | Found an opulent altar of Gozag.
  1422 | D:5      | Found a glowing golden altar of the Shining One.
  1486 | D:5      | Reached XP level 8. HP: 52/52 MP: 13/13
  1518 | D:5      | Learned a level 3 spell: Hailstorm
  1556 | D:5      | Found a glowing drain.
  1563 | Sewer    | Entered a sewer
  1573 | Sewer    | Reached * piety under Nemelex Xobeh
  1816 | Sewer    | Reached skill level 5 in Invocations
  1826 | Sewer    | Received a gift from Nemelex Xobeh
  2060 | D:6      | Gained mutation: You passively map the area around you.
                  | [Meteoran growth]
  2060 | D:6      | Reached XP level 9. HP: 32/67 MP: 8/14
  2138 | D:6      | Noticed Grinder
  2148 | D:6      | Killed Grinder
  2307 | D:6      | Reached ** piety under Nemelex Xobeh
  2488 | D:7      | HP: 3/67 [orc priest/divine providence (12)]
  2813 | D:7      | Received a gift from Nemelex Xobeh
  3008 | D:8      | Reached XP level 10. HP: 61/73 MP: 10/17
  3112 | D:7      | Reached skill level 10 in Maces & Flails
  3346 | D:8      | Reached skill level 10 in Invocations
  3357 | D:8      | Noticed Pikel
  3380 | D:8      | Killed Pikel
  3449 | D:8      | Reached *** piety under Nemelex Xobeh
  3888 | D:9      | Reached XP level 11. HP: 68/79 MP: 20/20
  4115 | D:10     | Entered Level 10 of the Dungeon
  4293 | D:10     | Reached skill level 1 in Armour
  4298 | D:10     | Reached skill level 1 in Shields
  4345 | D:10     | Received a gift from Nemelex Xobeh
  4392 | D:10     | Noticed a cyclops
  4395 | D:10     | Killed a cyclops
  4408 | D:10     | Noticed a two-headed ogre
  4412 | D:10     | Killed a two-headed ogre
  4429 | D:10     | Noticed a cyclops
  4433 | D:10     | Killed a cyclops
  4524 | D:10     | Noticed Fannar
  4542 | D:10     | Killed Fannar
  4582 | D:10     | Found a staircase to the Orcish Mines.
  4604 | Orc:1    | Entered Level 1 of the Orcish Mines
  4604 | Orc:1    | Reached **** piety under Nemelex Xobeh
  4647 | Orc:2    | Entered Level 2 of the Orcish Mines
  4647 | Orc:2    | Noticed Rupert
  4648 | Orc:2    | Identified the -1 quarterstaff of Foityodu {chaos, rF++}
  4668 | Orc:2    | Slain by Rupert

Illustrated notes

Levels and vault maps discovered:
D:1:      wheals_arrival_shading, layout_rooms, serial_shops, shop,
          supply_closet_lemuel, chequers_mini_garden, minmay_misc_feat_tiny
D:2:      layout_basic, basic_altar, uniq_natasha, uniq_sigmund,
          uniq_crazy_yiuf_cottage
D:3:      layout_loops_ring, mainiacjoe_overflow_24_doors,
          lemuel_coloured_pillars_altar, shapermc_ecumenical_altar_hornbeckon
D:4:      layout_rooms, uniq_robin
D:5:      layout_rooms, grunt_temple_overflow_open, portal_sewer_entry_e
D:6:      layout_loops_cross, minivault_19, minivault_14, uniq_grinder
D:7:      minmay_skewed_foursquare, layout_rooms, minmay_temple_entry_mini_moons
D:8:      layout_basic, nicolae_two_hexagons, uniq_pikel
D:9:      layout_irregular_city
D:10:     layout_rooms, hellmonk_guarded_unrand_dark_maul, uniq_fannar
Orc:1:    layout_caves
Orc:2:    pubby_orc_utopia, uniq_rupert

Skill      XL: |  1  2  3  4  5  6  7  8  9 10 11 |
---------------+----------------------------------+-----
Maces & Flails | 5 6 9 12 13 | 13.6
Staves         | 3 5 6 7 9 |  9.0
Invocations    | 3 6 9 11 13 | 13.3
Armour         | 3 |  3.0
Shields        | 3 |  3.0
Dodging        | 4 |  4.1
Fighting       | 3 |  3.7
Spellcasting   | |  2.6
Conjurations   | |  3.6

Action                   |  1- 3 |  4- 6 |  7- 9 | 10-12 || total
-------------------------+-------+-------+-------+-------++-------
Melee: Mace              |    58 |       |       |       ||    58
       Quarterstaff      |     5 |    36 |   230 |       ||   271
       Dagger            |     3 |       |       |       ||     3
       Flail             |       |       |   120 |   151 ||   271
       Morningstar       |       |       |       |    87 ||    87
 Cast: Momentum Strike   |     7 |     7 |    29 |    24 ||    67
       Kiss of Death     |     1 |     2 |     2 |       ||     5
       Hailstorm         |       |       |     4 |    10 ||    14
Invok: Draw Summoning    |       |       |     2 |     4 ||     6
       Draw Destruction  |       |       |     1 |    16 ||    17
Evoke: Wand              |       |       |    14 |    10 ||    24
       Phantom mirror    |       |       |       |     1 ||     1
  Use: Scroll            |       |     1 |    15 |     3 ||    19
       Potion            |       |       |     2 |     2 ||     4
 Stab: Confused          |       |       |     1 |       ||     1
Armor: Leather armour    |    13 |    15 |   134 |       ||   162
       Acid dragon scale |       |       |    13 |    88 ||   101
Dodge: Dodged            |    48 |    23 |   192 |    76 ||   339
Block: Other             |       |       |    78 |       ||    78
       Buckler           |       |       |    21 |    77 ||    98
       Reflection        |       |       |     1 |     2 ||     3

Table legend: (Time is in decaauts)
 A = Elapsed time spent in this place.
 B = Non-inter-level travel time spent in this place.
 C = Inter-level travel time spent in this place.
 D = Time resting spent in this place.
 E = Time spent auto-exploring this place.
 F = Levels seen in this place.
 G = Mean time per level.
                   A        B        C        D        E       F      G
               +--------+--------+--------+--------+--------+-----+--------+
         Total |   4635 |   4342 |    293 |     87 |    799 |  13 |  356.5 |
       Dungeon |   4271 |   3978 |    293 |     87 |    799 |  10 |  427.1 |
  Orcish Mines |     60 |     60 |      0 |      0 |      0 |   2 |   30.0 |
         Sewer |    304 |    304 |      0 |      0 |      0 |   1 |  304.0 |
               +--------+--------+--------+--------+--------+-----+--------+

Top non-repeatable levels by time:
     D:6: 732 daAuts
     D:9: 541 daAuts
     D:8: 534 daAuts
     D:2: 488 daAuts
    D:10: 476 daAuts
     D:7: 401 daAuts
     D:4: 312 daAuts
   Sewer: 304 daAuts
     D:5: 275 daAuts
     D:1: 274 daAuts
     D:3: 234 daAuts
   Orc:1: 42 daAuts
   Orc:2: 17 daAuts
